 Dungeon Crawl Stone Soup version 0.30-a0-743-gbfdf073431 (webtiles) character file.

Game seed: 8782065332477408969

30 Gargoyl the Trooper (level 3, -7/24 HPs)
             Began as a Gargoyle Berserker on Feb 6, 2023.
             Was a Follower of Trog.
             Mangled by a large abomination (19 damage)
             ... on level 1 of the Abyss.
             The game lasted 00:02:13 (1044 turns).

Gargoyl the Trooper (Gargoyle Berserker)            Turns: 1044, Time: 00:02:13

Health: -7/24      AC: 14    Str: 20    XL:     3   Next: 20%
Magic:  3/3        EV:  6    Int:  7    God:    Trog [*.....]
Gold:   89         SH:  0    Dex: 11    Spells: 2/2 levels left

rFire   . . .      SeeInvis .    f - +2 broad axe (freeze)
rCold   . . .      Faith    .    (no shield)
rNeg    + . .      Spirit   .    e - +0 plate armour
rPois   ∞          Reflect  .    (no helmet)
rElec   +          Harm     .    (no cloak)
rCorr   .          Rampage  .    (no gloves)
Will    .....                    (no boots) Stlth
                                 (no amulet)
HPRegen 0.24/turn                (no ring)
MPRegen 0.08/turn                (no ring)

@: about to teleport
A: sickness immunity, AC +3, negative energy resistance 1, electricity
resistance, torment resistance 1, petrification resistance
a: Renounce Religion, Berserk


You were on level 1 of the Abyss.
You worshipped Trog.
Trog was aware of your devotion.
You visited 1 branch of the dungeon, and saw 2 of its levels.
You visited the Abyss 1 time.

You collected 89 gold pieces.

Inventory:

Hand Weapons
 a - a +0 hand axe
 f - a +2 broad axe of freezing (weapon)
Armour
 e - a +0 plate armour (worn)
Potions
 b - 2 potions of haste {unknown}
 c - a potion of curing {unknown}
 j - a potion of degeneration {unknown}


   Skills:
 + Level 3.8 Fighting
 + Level 3.2 Axes
 + Level 2.3 Armour
 + Level 1.8 Dodging


You had 2 spell levels left.
You didn't know any spells.
Your spell library was empty.

Dungeon Overview and Level Annotations

Branches:
Dungeon (2/15)

Altars:

Shops:
D:1 [


Innate Abilities, Weirdness & Mutations

You are immune to sickness and miasma.
Your stone body is resilient. (AC +3)
You are immune to poison.
You resist negative energy. (rN+)
You are resistant to electric shocks. (rElec)
You are resistant to unholy torment.
You are immune to petrification.


Message History

You feel a strong urge to attack something.
You feel your anger nearly subside.
You are no longer berserk.
You are exhausted.
You feel yourself slow down.
You start resting.
You feel yourself speed up.
As you read the scroll labelled MARGHE HOTZ, it crumbles to dust.
It is a scroll of identify.
g - a scroll of teleportation
As you read the scroll labelled VIWAPAE XOMI, it crumbles to dust.
The air around you briefly surges with heat, but it dissipates.
It was a scroll of immolation.
This is a scroll of acquirement!
Something appears at your feet!
f - a +2 broad axe of freezing Your +2 broad axe of freezing glows with a cold blue light!
f - a +2 broad axe of freezing (weapon)
Okay, then.
You recover from your berserk rage.
A large abomination comes into view.
Blink to where?
Press: ? - help, Dir - move target
As you read the scroll of blinking, it crumbles to dust.
As you read the scroll of teleportation, it crumbles to dust.
You feel strangely unstable.
You feel the power of the Abyss delaying your translocation!
The large abomination attacks as you move away!
The large abomination hits you but does no damage.
The large abomination attacks as you move away!
The large abomination hits you!
Ouch! That really hurt!
The large abomination attacks as you move away!
The large abomination barely misses you.
The large abomination attacks as you move away!
The large abomination closely misses you.
The large abomination attacks as you move away!
The large abomination hits you!!
Ouch! That really hurt!
You die...

... #..#.....#
..#...#.#...###..#
.........### ##.#
..#.###.# . ..
#..# .###.##
#.#..# #.#X## #@##
#.#.# ..# #.. #.#
..# ## .# #. .. ..


You could see a large abomination.

Vanquished Creatures
  3 endoplasms
  A giant cockroach (D:1)
  A goblin (D:1)
  4 hobgoblins
  A quokka (D:2)
  3 ball pythons (D:1)
  6 bats
  7 kobolds (D:1)
  2 rats (D:1)
28 creatures vanquished.

Notes
Turn   | Place    | Note
-------+----------+-------------------------------------------
     0 | D:1      | Gargoyl the Gargoyle Berserker began the quest for the Orb.
     0 | D:1      | Reached XP level 1. HP: 14/14 MP: 1/1
   124 | D:1      | Reached XP level 2. HP: 15/19 MP: 2/2
   545 | D:1      | Reached XP level 3. HP: 23/24 MP: 3/3
   629 | D:1      | Found Etofref's Antique Armour Shoppe.
   972 | Abyss:1  | Cast into level 1 of the Abyss (goblin)
  1005 | Abyss:1  | Identified a scroll of acquirement
  1005 | Abyss:1  | Acquired a +2 broad axe of freezing
  1032 | Abyss:1  | Noticed a large abomination
  1044 | Abyss:1  | Mangled by a large abomination

Illustrated notes

Levels and vault maps discovered:
D:1:      lemuel_arrival_funnel, layout_loops_ring, serial_shops, shop
D:2:      minmay_thinvault, layout_basic, serial_shops, nicolae_shop_trees,
          dilly_ecumenical_altar_fadedgnrine
Abyss:1:  base:
Temple

Skill      XL: |  1  2 |
---------------+-------+-----
Axes           | 3 |  3.2
Fighting       | |  3.8
Armour         | |  2.3
Dodging        | |  1.8

Action                     || total
---------------------------++-------
  Melee: Hand axe          ||    91
         Punch             ||     1
 Invoke: Berserk           ||     2
    Use: Scroll            ||     6
 Armour: Animal skin       ||    11
         Plate armour      ||    50
  Dodge: Dodged            ||    59

Table legend: (Time is in decaauts)
 A = Elapsed time spent in this place.
 B = Non-inter-level travel time spent in this place.
 C = Inter-level travel time spent in this place.
 D = Time resting spent in this place.
 E = Time spent auto-exploring this place.
 F = Levels seen in this place.
 G = Mean time per level.
                   A        B        C        D        E       F      G
               +--------+--------+--------+--------+--------+-----+--------+
         Total |   1079 |   1041 |     38 |     34 |    672 |   3 |  359.7 |
       Dungeon |    997 |    959 |     38 |      0 |    648 |   2 |  498.5 |
         Abyss |     82 |     82 |      0 |     34 |     24 |   1 |   82.0 |
               +--------+--------+--------+--------+--------+-----+--------+

Top non-repeatable levels by time:
     D:1: 886 daAuts
     D:2: 110 daAuts
 Abyss:1: 82 daAuts
